Map: Ley Lines

Players

kitune - Winner!

  • Race: Zerg Zerg
  • Spawn Location: 7:00

ABN

  • Race: Protoss Protoss
  • League: Diamond
  • Spawn Location: 1:00

VOD

Have the link to the VOD?

Description

Time

  • Played on: June 17, 2025, 9:10 a.m.
  • Length: 7:21
Show
View Real Time Build Order
Export as new Build Order

kitune Zerg - Winner!

Build Orders: Pool First 

Get SALT Encoding   

  12  0:00  Drone  
  13  0:12  Overlord  
  13  0:17  Drone  
  14  0:31  Drone x2  
  16  0:41  Spawning Pool  
  15  0:44  Drone  
  15  0:48  Drone  
  17  1:10  Drone  
  18  1:12  Hatchery  
  18  1:14  Extractor  
  16  1:28  Zergling x2  
  16  1:29  Zergling x4  
  19  1:35  Queen  
  22  1:40  Drone  
  22  1:50  Overlord  
  22  2:08  Drone  
  22  2:10  Queen  
  22  2:12  Drone  
  26  2:16  Metabolic Boost  
  26  2:25  Drone  
  26  2:26  Drone  
  27  2:38  Drone x2  
  29  2:46  Drone  
  29  2:51  Queen  
  30  2:55  Lair  
  31  3:03  Zergling x2  
  31  3:04  Zergling x2  
  32  3:12  Extractor, Overlord  
  31  3:16  Drone  
  31  3:17  Drone x2  
  34  3:26  Overlord  
  34  3:50  Drone x3  
  34  3:51  Drone x6  
  43  3:56  Hydralisk Den  
  43  3:58  Drone x3  
  45  4:07  Extractor  
  45  4:09  Drone x3  
  47  4:12  Drone  
  47  4:14  Drone  
  47  4:16  Overlord  
  49  4:20  Overlord  
  49  4:27  Grooved Spines  
  49  4:29  Overlord  
  47  4:39  Hydralisk  
  47  4:40  Hydralisk x2  
  53  4:58  Hydralisk  
  53  4:59  Hydralisk x2  
  59  5:01  Hatchery  
  59  5:05  Drone x2  
  59  5:06  Drone  
  61  5:15  Zergling x6  
  61  5:17  Muscular Augments  
  64  5:33  Spore Crawler  
  63  5:43  Spore Crawler  
  61  5:53  Hydralisk  
  61  5:54  Hydralisk x6  
  72  6:13  Zergling x20  
  79  6:32  Hydralisk  
  81  6:36  Overlord x5  
  81  6:41  Evolution Chamber  
  81  6:42  Evolution Chamber  
  81  6:45  Infestation Pit  
  78  6:47  Lurker Den  
  78  6:48  Hydralisk x2  
  78  6:52  Zergling x2  
  81  6:56  Overlord x2  
  81  6:58  Zergling x2  
  81  6:59  Zergling x8  
Show
View Real Time Build Order
Export as new Build Order

ABN Protoss 

Build Orders: 1 Gate Expand, Oracle Opening 

Get SALT Encoding   

  12  0:00  Probe  
  13  0:12  Probe  
  14  0:19  Pylon  
  14  0:24  Probe  
  15  0:36  Probe  
  15  0:41  Gateway  
  16  0:44  Probe  
  17  0:50  Assimilator  
  17  0:52  Probe  
  18  1:04  Probe  
  19  1:16  Probe  
  20  1:31  Cybernetics Core  
  20  1:39  Nexus  
  20  1:42  Probe  
  21  1:53  Pylon  
  21  1:58  Probe, Assimilator  
  22  2:02  Adept  
  25  2:15  Probe  
  25  2:20  Cybernetics Core  
  25  2:29  Pylon  
  24  2:42  Stargate  
  24  2:47  Stalker  
  26  2:57  Gateway  
  25  3:08  Probe  
  26  3:19  Pylon  
  26  3:20  Probe, Shield Battery  
  26  3:22  Oracle  
  26  3:25  Probe  
  28  3:33  Probe  
  32  3:37  Probe  
  33  3:42  Warp Gate  
  33  3:45  Probe  
  34  3:49  Probe  
  34  3:54  Gateway  
  35  3:57  Probe  
  35  4:01  Probe  
  37  4:07  Stalker  
  37  4:09  Probe  
  38  4:13  Probe  
  41  4:19  Oracle  
  41  4:21  Probe  
  41  4:24  Pylon  
  45  4:26  Probe  
  46  4:33  Probe  
  46  4:38  Probe  
  48  4:45  Probe  
  49  4:50  Probe  
  50  4:57  Probe  
  51  5:02  Probe  
  51  5:03  Twilight Council  
  51  5:05  Pylon  
  51  5:06  Pylon  
  51  5:07  Pylon  
  51  5:09  Gateway  
  51  5:11  Gateway  
  49  5:18  Probe x2  
  51  5:30  Probe  
  51  5:33  Probe  
  53  5:37  Zealot x2  
  57  5:43  Probe  
  62  5:55  Void Ray  
  55  6:07  Zealot x3  
  55  6:09  Cybernetics Core  
  61  6:22  Gateway  
  61  6:23  Gateway  
  61  6:25  Gateway  
  61  6:27  Zealot  
  61  6:32  Pylon  
  63  6:40  Pylon  
  63  6:46  Templar Archives  
  63  6:49  Zealot  
  63  6:50  Zealot x3  
  51  7:11  Zealot x3  
Tags
 
Add a new tag
Caveats
  • Supply blocks, unpowered buildings, or Contaminate may cause inaccurate times.
  • Supply counts are checked every 10 seconds.